 Dungeon Crawl Stone Soup version 0.29-a0-384-g6960b1960d (webtiles) character file.

Game seed: 8884037965866660467

7 Bruhh the Chiller (level 1, 0/13 HPs)
             Began as a Demonspawn Ice Elementalist on May 7, 2022.
             Slain by a hobgoblin (5 damage)
             ... on level 1 of the Dungeon.
             The game lasted 00:00:34 (319 turns).

Bruhh the Chiller (Demonspawn Ice Elementalist)      Turns: 319, Time: 00:00:35

Health: 0/13       AC:  2    Str:  8    XL:     1   Next: 91%
Magic:  1/3        EV: 12    Int: 16    God:
Gold:   5          SH:  0    Dex: 13    Spells: 3/4 levels left

rFire   . . .      SeeInvis .   (no weapon)
rCold   . . .      Faith    .   (no shield)
rNeg    . . .      Spirit   .   a - +0 robe
rPois   .          Reflect  .   (no helmet)
rElec   .          Harm     .   (no cloak)
rCorr   .          Rampage  .   (no gloves)
Will    .....                   (no boots)
Stlth   ++........              (no amulet)
HPRegen 0.04/turn               (no ring)
MPRegen 0.08/turn               (no ring)

@: no status effects
A: no striking features
a: no special abilities


You were on level 1 of the Dungeon.
You visited 1 branch of the dungeon, and saw 1 of its levels.

You collected 5 gold pieces.

Inventory:

Armour
 a - a +0 robe (worn)
Scrolls
 d - a scroll of magic mapping {unknown}
 g - a scroll of noise {unknown}
Potions
 b - a potion of magic
 c - a potion of degeneration {unknown}
 e - a potion of flight {unknown}
 f - a potion of attraction {unknown}


   Skills:
 - Level 1.7 Dodging
 - Level 1.7 Stealth
 - Level 2.0 Spellcasting
 + Level 4.0 Ice Magic


You had 3 spell levels left.
You knew the following spells:

 Your Spells              Type           Power      Damage    Failure   Level
a - Freeze                Ice            56%        1d7       4%          1

Your spell library contained the following spells:

 Spells                   Type           Power      Damage    Failure   Level
 Frozen Ramparts          Ice            28%        1d4       12%         3
 Ozocubu's Armour         Ice            14%        N/A       12%         3
 Hailstorm                Conj/Ice       8%         3d4       65%         4


Dungeon Overview and Level Annotations

Branches:
Dungeon (1/15)

Altars:


Message History

A dart slug is nearby!
A dart slug is nearby!
A dart slug is nearby!
A hobgoblin comes into view.
The hobgoblin shouts!
The dart slug misses you.
You freeze the dart slug.
The dart slug is moderately wounded.
The dart slug bites you but does no damage.
You miscast Freeze.
You are very lightly contaminated with residual magic.
Nothing appears to happen.
You freeze the dart slug.
The dart slug is almost dead.
The dart slug launches a dart at you. The slug dart misses you.
There are monsters nearby!
There are monsters nearby!
You are too depleted to draw on your mana recklessly!
You are too depleted to draw on your mana recklessly!
You are too depleted to draw on your mana recklessly!
You hit the dart slug but do no damage.
The dart slug is almost dead.
The dart slug bites you.
You hit the dart slug but do no damage.
The dart slug is almost dead.
The hobgoblin hits you. The dart slug bites you.
You hit the dart slug but do no damage.
The dart slug is almost dead.
The hobgoblin misses you.
You hit the dart slug.
You kill the dart slug!
The hobgoblin hits you but does no damage.
Your Ice Magic skill increases to level 4!
The hobgoblin hits you.
Your magical contamination has completely faded away.
The hobgoblin closely misses you. The hobgoblin attacks as you move away!
The hobgoblin hits you.
You barely miss the hobgoblin. The hobgoblin hits you.
You die...

## #### #####
##.###..##....############
.##......#g@.........#...##.
......#......#####.....###..
.#........####...####.....##
..##....###.....(...###'###.
........'......⌠......'.'...
...#....###.........###'###.
...#......####...####.....##
#............#####...)#.....
..................##..#....


You could see a hobgoblin.

Vanquished Creatures
  A dart slug (D:1)
  A ball python (D:1)
  A bat (D:1)
  A goblin (D:1)
  A rat (D:1)
5 creatures vanquished.

Notes
Turn   | Place    | Note
-------+----------+-------------------------------------------
     0 | D:1      | Bruhh the Demonspawn Ice Elementalist began the quest for
                  | the Orb.
     0 | D:1      | Reached XP level 1. HP: 13/13 MP: 3/3
   313 | D:1      | Reached skill level 4 in Ice Magic
   319 | D:1      | Slain by a hobgoblin

Illustrated notes

Levels and vault maps discovered:
D:1:      elethiomel_arrival_infinity_welcomes_careful_drivers, layout_basic

Skill      XL: |  1 |
---------------+----+-----
Ice Magic      | 4 |  4.0
Dodging        | |  1.7
Stealth        | |  1.7
Spellcasting   | |  2.0

Action                   || total
-------------------------++-------
Melee: Unarmed           ||     5
 Cast: Freeze            ||     6
Armor: Robe              ||     2
Dodge: Dodged            ||     5

Table legend: (Time is in decaauts)
 A = Elapsed time spent in this place.
 B = Non-inter-level travel time spent in this place.
 C = Inter-level travel time spent in this place.
 D = Time resting spent in this place.
 E = Time spent auto-exploring this place.
 F = Levels seen in this place.
 G = Mean time per level.
                   A        B        C        D        E       F      G
               +--------+--------+--------+--------+--------+-----+--------+
         Total |    319 |    319 |      0 |      0 |    271 |   1 |  319.0 |
       Dungeon |    319 |    319 |      0 |      0 |    271 |   1 |  319.0 |
               +--------+--------+--------+--------+--------+-----+--------+

Top non-repeatable levels by time:
     D:1: 319 daAuts
